 Dungeon Crawl Stone Soup version 0.26.1-11-gd32895ea62 (webtiles) character file.

Game seed: 10971604910776210773

581 vvl the Ruffian (level 7, -3/84 HPs)
             Began as a Purple Draconian Transmuter on July 6, 2021.
             Was a Follower of Makhleb.
             Slain by Pikel
             ... wielding a +0 whip of electrocution
              (19 damage)
             ... on level 6 of the Dungeon.
             The game lasted 00:11:54 (5304 turns).

vvl the Ruffian (Purple Draconian Transmuter)       Turns: 5304, Time: 00:11:54

Health: -3/84      AC: 23    Str: 15    XL:     7   Next: 13%
Magic:  12/12      EV:  2    Int: 13    God:    Makhleb [*.....]
Gold:   105        SH:  0    Dex: 11    Spells: 12/13 levels left

rFire    . . .     SeeInvis .   l - +2 dagger (venom)
rCold    . . .     Faith    .   (no shield)
rNeg     + + +     Spirit   .   (armour unavailable)
rPois    +         Reflect  .   (helmet currently unavailable)
rElec    .         Harm     .   (cloak currently unavailable)
rCorr    .         Rampage  .   (gloves currently unavailable)
Will     +....     NoTele   +   (boots currently unavailable)
Stlth    +.........             (no amulet)
HPRegen  0.24/turn              n - ring of positive energy
MPRegen  0.13/turn              (no ring)

@: mighty, tree-form, attractive
A: (breathe power), unfitting armour, AC +6
a: Renounce Religion


You were on level 6 of the Dungeon.
You worshipped Makhleb.
Makhleb was aware of your devotion.
You were a tree.
You visited 1 branch of the dungeon, and saw 5 of its levels.

You collected 105 gold pieces.

Inventory:

Hand Weapons
 l - a +2 dagger of venom (weapon)
Armour
 j - a +1 cloak (melded)
Magical Staves
 o - an uncursed staff of conjuration
Jewellery
 n - a ring of positive energy (left branch)
Wands
 m - a wand of paralysis (7)
Scrolls
 g - 3 scrolls of remove curse
Potions
 a - a potion of heal wounds {unknown}
 c - 4 potions of brilliance
 d - a potion of might
 f - a potion of curing
 k - a potion of ambrosia {unknown}


   Skills:
 + Level 2.9 Fighting
 + Level 2.9 Dodging
 * Level 4.8 Unarmed Combat
 + Level 3.6 Spellcasting
 * Level 4.1 Transmutations
 * Level 3.1 Invocations


You had 12 spell levels left.
You knew the following spells:

 Your Spells              Type           Power        Failure   Level
a - Beastly Appendage     Tmut           26%          3%          1

Your spell library contained the following spells:

 Spells                   Type           Power        Failure   Level
 Wereblood                Tmut           13%          6%          2
 Spider Form              Tmut/Pois      3%           26%         3
 Ice Form                 Ice/Tmut       7%           65%         4
 Blade Hands              Tmut           6%           71%         5


Dungeon Overview and Level Annotations

Branches:
Dungeon (4/15)
 Temple: D:4-7

Altars:
Makhleb
Nemelex Xobeh

Annotations:
D:6 Pikel


Innate Abilities, Weirdness & Mutations

((You can breathe bolts of dispelling energy.))
((Your rich purple scales are hard. (AC +6)))
You cannot fit into any form of body armour.
((You are cold-blooded and may be slowed by cold attacks.))


Message History

Unknown command.
It was a potion of curing.
You feel better.
Pikel hits you with a +0 whip of electrocution.
* * * LOW HITPOINT WARNING * * *
The orc wizard gestures wildly while chanting.
The orc wizard blinks!
An orc comes into view. It is wielding a +0 flail.
The lemure hits you but does no damage.
It was a potion of attraction.
You feel attractive to monsters. Pikel hits you but does no damage.
The lemure hits you.
* * * LOW HITPOINT WARNING * * *
The orc is pulled toward you! The orc wizard is pulled toward you!
You puncture Pikel!
Pikel is lightly wounded.
Pikel hits you but does no damage. The lemure hits you but does no damage.
You miss Pikel.
Pikel is lightly wounded.
Pikel hits you but does no damage.
You are electrocuted!!
You die...

... ...######
.?.>....### ##
.........###. #
#..##.#.##oo ##.
#.....#.#osK##
...##........o55♣#
....#.(......5o##.#
.............o.#
#.#
....#.........##
#.#
.......<.......#
#.#
.?..#........#.#
#.#
.............#.# ##
###.....##...#.#
#............


You could see Pikel, an orc warrior, 3 lemures, a scorpion, an orc priest, an
orc wizard (fast) and 3 orcs.

Vanquished Creatures
  An ogre (D:2)
  A black bear (D:6)
  A lemure (D:6)
  A hound (D:2)
  2 orc priests
  Jessica (D:3)
  An orc wizard (D:3)
  2 worker ants
  4 gnolls (D:2)
  5 adders
  2 oozes
  2 worms
  A dart slug (D:3)
  6 leopard geckos
  12 orcs
  8 giant cockroaches
  9 goblins
  3 hobgoblins
  7 jackals
  7 kobolds
  A quokka (D:3)
  A ball python (D:2)
  12 bats
  5 frilled lizards
  12 rats
107 creatures vanquished.

Vanquished Creatures (others)
  A worker ant (D:6)
  14 plants
15 creatures vanquished.

Grand Total: 122 creatures vanquished

Notes
Turn   | Place    | Note
-------+----------+-------------------------------------------
     0 | D:1      | vvl the Draconian Transmuter began the quest for the Orb.
     0 | D:1      | Reached XP level 1. HP: 16/16 MP: 3/3
   883 | D:1      | Reached XP level 2. HP: 23/23 MP: 5/5
  1708 | D:2      | Found a burning altar of Makhleb.
  1716 | D:2      | Reached XP level 3. HP: 25/29 MP: 6/6
  1721 | D:2      | Became a worshipper of Makhleb the Destroyer
  2079 | D:2      | Reached XP level 4. HP: 36/36 MP: 7/7
  2127 | D:2      | Reached skill level 1 in Invocations
  2607 | D:2      | Reached XP level 5. HP: 36/41 MP: 8/8
  3482 | D:3      | Noticed an ogre
  3791 | D:2      | Killed an ogre
  3792 | D:2      | Reached XP level 6. HP: 38/49 MP: 8/10
  4288 | D:3      | Found a sparkling altar of Nemelex Xobeh.
  4422 | D:3      | Noticed Jessica
  4448 | D:3      | Reached * piety under Makhleb
  4464 | D:3      | Killed Jessica
  5264 | D:4      | You fall into a shaft and drop 2 floors!
  5264 | D:6      | Noticed Pikel
  5264 | D:6      | Noticed an orc warrior
  5296 | D:6      | Your scales start taking on a rich purple colour.
  5296 | D:6      | Reached XP level 7. HP: 29/56 MP: 12/12
  5304 | D:6      | Slain by Pikel

Illustrated notes

Levels and vault maps discovered:
D:1:      elethiomel_arrival_shortcut, layout_basic, minmay_tetromino_i4
D:2:      wad_lake_hut, layout_basic, makhleb_blood_cavern_becter
D:3:      layout_rooms, old_standard_altar, serial_bayou_pond_a,
          minmay_close_crescents, uniq_jessica
D:4:      layout_basic, minmay_temple_entry_arrows, elyvilon_altar_3
D:6:      layout_basic, general_overflow_altar, uniq_pikel

Skill      XL: |  1  2  3  4  5  6 |
---------------+-------------------+-----
Dodging        | 2 |  2.9
Transmutations | 3 4 |  4.1
Invocations    | 1 2 3 |  3.1
Fighting       | 2 |  2.9
Unarmed Combat | 4 |  4.8
Spellcasting   | 3 |  3.6

Action                   |  1- 3 |  4- 6 |  7- 9 || total
-------------------------+-------+-------+-------++-------
Melee: Unarmed           |    36 |       |       ||    36
       Tailslap          |    10 |    32 |       ||    42
       Short sword       |   124 |       |       ||   124
       Punch             |     1 |     4 |       ||     5
       Dagger            |     4 |   247 |     7 ||   258
       Kick              |       |     3 |       ||     3
       Headbutt          |       |     3 |       ||     3
 Cast: Beastly Appendage |       |     1 |       ||     1
  Use: Scroll            |       |     6 |       ||     6
       Potion            |       |     3 |     2 ||     5
 Stab: Sleeping          |     1 |       |       ||     1
       Invisible         |       |     3 |       ||     3
Armor: Skin              |    76 |    88 |    10 ||   174
Dodge: Dodged            |   119 |   207 |       ||   326
